Map: Cyber Forest LE

Players

HuShang

  • Race: Protoss Protoss
  • League: Master
  • Spawn Location: 11:00

A.I. 1 (Very Easy) - Winner!

  • Race: Terran Terran
  • Spawn Location: 5:00

VOD

Have the link to the VOD?

Description

Time

  • Played on: Jan. 27, 2019, 10:15 p.m.
  • Length: 6:21
Show
View Real Time Build Order
Export as new Build Order

HuShang Protoss 

Build Orders: 1 Gate Expand 

Get SALT Encoding   

  12  0:01  Probe  
  13  0:13  Probe  
  14  0:20  Pylon  
  14  0:25  Probe  
  15  0:37  Probe  
  15  0:41  Gateway  
  16  0:45  Probe  
  16  0:46  Assimilator  
  17  0:53  Probe  
  18  1:04  Probe  
  19  1:17  Probe  
  20  1:26  Nexus  
  20  1:37  Cybernetics Core  
  20  1:40  Probe  
  21  1:47  Assimilator  
  21  1:52  Probe  
  22  1:55  Pylon  
  22  2:04  Probe  
  23  2:09  Stalker  
  23  2:16  Warp Gate  
  25  2:24  Probe  
  26  2:30  Robotics Facility  
  26  2:35  Probe  
  26  2:36  Probe, Sentry  
  27  2:43  Probe  
  30  2:44  Probe  
  30  2:51  Gateway, Probe  
  32  2:52  Probe  
  34  3:03  Probe  
  34  3:04  Probe  
  34  3:05  Sentry  
  38  3:07  Immortal  
  38  3:15  Probe  
  38  3:16  Probe  
  44  3:25  Pylon  
  44  3:28  Probe x2  
  46  3:36  Immortal  
  46  3:43  Probe x2  
  52  3:50  Pylon  
  52  3:55  Probe x2  
  54  3:57  Assimilator  
  54  3:59  Assimilator  
  54  4:07  Warp Prism  
  54  4:08  Probe x2  
  56  4:10  Pylon  
  56  4:13  Sentry x2  
  62  4:28  Probe x2  
  64  4:34  Gateway  
  64  4:35  Gateway  
  64  4:38  Gateway  
  64  4:40  Gateway  
  64  4:44  Gateway  
  64  4:48  Observer  
  64  4:49  Gateway  
  65  5:02  Sentry x2  
  69  5:07  Pylon  
  69  5:10  Pylon  
  69  5:17  Pylon  
  69  5:30  Adept  
  69  5:31  Stalker x3  
  69  5:35  Stalker x2  
  81  5:40  Stalker  
  81  5:42  Stalker  
  85  5:45  Pylon  
  85  5:47  Pylon  
  85  5:54  Sentry  
  85  5:55  Stalker x2, Sentry  
  93  6:11  Stalker x3  
  93  6:12  Stalker  
  101  6:20  Stalker x2  
Show
View Real Time Build Order
Export as new Build Order

A.I. 1 (Very Easy) Terran - Winner!

Build Orders: Reaper Expand 

Get SALT Encoding   

  12  0:00  SCV  
  13  0:13  SCV  
  14  0:20  Supply Depot  
  14  0:47  Barracks  
  14  1:06  Command Center  
  14  1:33  Supply Depot, Orbital Command  
  14  1:34  Marine  
  14  1:39  Refinery  
  15  1:51  Refinery  
  15  1:59  SCV  
  16  2:11  SCV  
  17  2:19  Reaper  
  18  2:23  SCV  
  18  2:24  SCV  
  20  2:35  SCV  
  21  2:39  SCV  
  22  2:47  SCV  
  23  2:53  SCV  
  23  2:54  Refinery  
  24  2:59  Marine  
  24  3:00  SCV  
  26  3:08  SCV  
  27  3:15  SCV  
  28  3:22  SCV, Factory  
  29  3:40  Marine  
  30  3:46  Refinery  
  30  3:48  SCV  
  32  3:55  SCV  
  32  4:01  Supply Depot  
  33  4:02  SCV  
  33  4:10  SCV  
  33  4:11  Starport  
  34  4:17  SCV  
  34  4:21  Barracks Tech Lab  
  35  4:24  SCV  
  36  4:31  SCV  
  37  4:39  SCV, Reaper  
  37  4:42  Supply Depot  
  39  4:46  SCV  
  39  4:49  Starport Tech Lab  
  40  4:53  SCV  
  41  5:00  SCV  
  42  5:07  SCV, Raven  
  45  5:14  SCV  
  45  5:19  Hellion  
  45  5:20  Supply Depot  
  48  5:21  SCV  
  49  5:48  Hellion  
  53  6:03  SCV  
  47  6:17  Supply Depot  
Tags
 
Add a new tag
Caveats
  • Supply blocks, unpowered buildings, or Contaminate may cause inaccurate times.
  • Supply counts are checked every 10 seconds.